[Event "US College Final 4-ch"]
[Site "New York"]
[Date "2015.03.29"]
[Round "3"]
[White "Le, Quang Liem"]
[Black "Zherebukh, Yaroslav"]
[Result "1-0"]
[ECO "A79"]
[WhiteElo "2676"]
[BlackElo "2640"]
[Annotator "Robot 3"]
[PlyCount "105"]
[EventDate "2015.??.??"]
[EventCountry "USA"]
[WhiteTeam "Webster University"]
[BlackTeam "Texas Tech University"]
[TimeControl "5400+30"]

1. d4 Nf6 2. c4 c5 3. d5 e6 4. Nc3 exd5 5. cxd5 d6 6. Nf3 g6 7. Nd2 Bg7 8. e4 O-O 9. Be2 Re8 10. O-O Na6 11. f3 Nc7 12. a4 Nd7 13. Nc4 Ne5 14. Ne3 f5 15.
exf5 gxf5 16. f4 Ng6 17. Kh1 Qf6 18. Bd3 Bd7 19. Qc2 Rf8 20. Bd2 Ne7 21. Rab1 Rac8 22. Nb5 Nxb5 23. axb5 Qf7 24. Bc4 Ra8 25. Qd3 Kh8 26. b4 b6 27. Rfe1 Ng6 28. g3 Qf6 29. bxc5 bxc5 30. Rb3 Qd4 31. Qc2 Qe4+ 32. Qxe4 fxe4 33. b6 axb6 34. Rxb6 Rfb8 35. Rxd6 Bh3 36. Ra6 Rxa6 37. Bxa6 Bd4 38. Bf1 Bxf1 39. Nxf1 Rd8 40. Rxe4 Rxd5 41. Ne3 Rd8 42. Nf5 Bb2 43. Be3 Ba3 44. Re6 Nf8 45. Rc6 Rd5 46. g4 h5 47.
Rh6+ Kg8 48. Rxh5 Rd1+ 49. Kg2 c4 50. Rg5+ Kf7 51. Rg7+ Ke6 52.
Rc7 Kd5 53. Bf2 1-0